 Dungeon Crawl Stone Soup version 0.29-a0-369-gd956c00756 (webtiles) character file.

Game seed: 16844034060275021115

67 holysushi the Cutter (level 4, 0/29 HPs)
             Began as a Kobold Monk on May 2, 2022.
             Succumbed to Crazy Yiuf's poison
             ... on level 2 of the Dungeon.
             The game lasted 00:01:37 (1918 turns).

holysushi the Cutter (Kobold Monk)                  Turns: 1918, Time: 00:01:38

Health: 0/29       AC:  3    Str:  8    XL:     4   Next: 38%
Magic:  4/4        EV: 16    Int: 11    God:
Gold:   101        SH:  0    Dex: 19    Spells: 3/3 levels left

rFire   . . .      SeeInvis .   a - +0 short sword
rCold   . . .      Faith    .   g - orb {*Rage}
rNeg    . . .      Spirit   .   b - +0 robe
rPois   .          Reflect  .   (no helmet)
rElec   .          Harm     .   j - +0 cloak
rCorr   .          Rampage  .   (no gloves)
Will    .....      Rage     20% (no boots)
Stlth   +++.......              (no amulet)
HPRegen 0.09/turn               (no ring)
MPRegen 0.09/turn               (no ring)

@: lethally poisoned (0 -> -9), attractive, invisible
A: small, no large weapons, nightstalker 3
a: no special abilities


You were on level 2 of the Dungeon.
You visited 1 branch of the dungeon, and saw 2 of its levels.

You collected 101 gold pieces.

Inventory:

Hand Weapons
 a - a +0 short sword (weapon)
Armour
 b - a +0 robe (worn)
 g - an orb of wrath (worn)
 j - a +0 cloak (worn)
Jewellery
 m - a ring of fire
Scrolls
 d - 2 scrolls of brand weapon {unknown}
 f - 2 scrolls of teleportation {unknown}
 l - 3 scrolls of blinking {unknown}
 n - a scroll of immolation {unknown}
 o - a scroll of silence {unknown}
 r - 2 scrolls of identify {unknown}
Potions
 c - 2 potions of ambrosia
 h - a potion of berserk rage {unknown}
 i - a potion of might {unknown}
 k - a potion of heal wounds {unknown}
 p - a potion of haste {unknown}
 q - a potion of lignification {unknown}


   Skills:
 + Level 4.0 Fighting
 * Level 5.8 Short Blades
 + Level 3.6 Dodging
 - Level 2.6 Stealth


You had 3 spell levels left.
You didn't know any spells.
Your spell library contained the following spells:

 Spells                   Type           Power      Damage    Failure   Level
 Foxfire                  Conj/Fire      0%         2x1d4     34%         1
 Conjure Flame            Conj/Fire      0%         6-21      71%         3
 Frozen Ramparts          Ice            0%         1d2       71%         3
 Inner Flame              Hex/Fire       0%         N/A       71%         3
 Flame Wave               Conj/Fire      0%         2d4       98%         4
 Ice Form                 Ice/Tmut       0%         N/A       98%         4
 Summon Ice Beast         Ice/Summ       0%         N/A       98%         4


Dungeon Overview and Level Annotations

Branches:
Dungeon (2/15)

Altars:

Shops:
D:2 [

Annotations:
D:2 Crazy Yiuf


Innate Abilities, Weirdness & Mutations

You are small and have problems with some larger weapons.
You are completely attuned to the shadows.


Message History

Unknown command.
No target in view!
Found a flail.
No target in view!
Unknown command.
You see here 22 stones.
You see here a +0 flail.
Found a runed translucent door.
Found a mace.
No reachable target in view!
Unknown command.
Could not explore, unopened runed door.
Unknown command.
No reachable target in view!
Could not explore, unopened runed door.
Key pressed, stopping explore.
Unknown command.
No reachable target in view!
Could not explore, unopened runed door.
Unknown command.
No reachable target in view!
Press: ? - help, v - describe, . - travel
Here: Crazy Yiuf, wielding a +2 quarterstaff of chaos and wearing a +1 cloak of willpower (asleep, fire blocked by a runed translucent door)
The floor.
Unknown command.
You open the door.
There is an open translucent door here.
Crazy Yiuf shouts!
Crazy Yiuf hits you with a +2 quarterstaff of chaos!
Ouch! That really hurt!
You are poisoned.
You hit Crazy Yiuf.
Crazy Yiuf is lightly wounded.
You feel very sick.
Crazy Yiuf hits you with a +2 quarterstaff of chaos!
* * * LOW HITPOINT WARNING * * *
You fade into invisibility!
It was a potion of attraction.
You feel attractive to monsters.
You die...

# #.....(# ♣...♣ #
#...#### ♣♣.♣♣ #
#...# ♣♣.♣
#####...# ♣.♣♣
....#...#### ♣♣.♣
........'..# ♣.♣♣
###.#...#### ##'##
####### #.#...#
#...# #......
#.#...#### #.@.#
#...... #.####...#
#)g.# ######......
###.# #...# #####
#...........
.##.####...#
#...........
........)..#
########......[....
...........#
#..................
........####
#........[.........
........#####
##.###'#########...
............# #.#
#.# #####...


You could see Crazy Yiuf (can't see you).

Vanquished Creatures
  Robin (D:2)
  An adder (D:2)
  A ball python (D:2)
  5 bats
  7 endoplasms
  2 giant cockroaches (D:1)
  8 goblins
  8 hobgoblins
  2 jackals (D:1)
  A frilled lizard (D:2)
  2 kobolds (D:1)
  3 rats
41 creatures vanquished.

Notes
Turn   | Place    | Note
-------+----------+-------------------------------------------
     0 | D:1      | holysushi the Kobold Monk began the quest for the Orb.
     0 | D:1      | Reached XP level 1. HP: 14/14 MP: 1/1
   306 | D:1      | Reached XP level 2. HP: 19/19 MP: 2/2
   472 | D:1      | Found a faded altar of an unknown god.
   914 | D:1      | Reached XP level 3. HP: 24/24 MP: 3/3
   981 | D:1      | Reached skill level 5 in Short Blades
  1231 | D:2      | Found Baghaci's Armour Emporium.
  1358 | D:2      | Noticed Robin
  1371 | D:2      | Reached XP level 4. HP: 29/29 MP: 4/4
  1374 | D:2      | Killed Robin
  1909 | D:2      | Found a runed translucent door.
  1912 | D:2      | Noticed Crazy Yiuf
  1918 | D:2      | Succumbed to Crazy Yiuf's poison

Illustrated notes

Levels and vault maps discovered:
D:1:      grunt_arrival_crossed_arrows, layout_loops_ring,
          basic_ecumenical_altar, serial_forest, infiniplex_forest_clump_medium,
          infiniplex_forest_straight_3, infiniplex_forest_clump_diagonal,
          infiniplex_forest_zigzag_1, infiniplex_forest_clump_large,
          minmay_misc_feat_x
D:2:      layout_basic, serial_shops, nicolae_shop_statue_plus, uniq_robin,
          uniq_crazy_yiuf_cottage

Skill      XL: |  1  2  3  4 |
---------------+-------------+-----
Short Blades   | 5 |  5.8
Fighting       | 4 |  4.0
Dodging        | |  3.6
Stealth        | |  2.6

Action                   |  1- 3 |  4- 6 || total
-------------------------+-------+-------++-------
Melee: Short sword       |    69 |    22 ||    91
  Use: Potion            |       |     1 ||     1
 Stab: Sleeping          |    11 |     1 ||    12
Armor: Robe              |     3 |       ||     3
Dodge: Dodged            |    27 |    10 ||    37

Table legend: (Time is in decaauts)
 A = Elapsed time spent in this place.
 B = Non-inter-level travel time spent in this place.
 C = Inter-level travel time spent in this place.
 D = Time resting spent in this place.
 E = Time spent auto-exploring this place.
 F = Levels seen in this place.
 G = Mean time per level.
                   A        B        C        D        E       F      G
               +--------+--------+--------+--------+--------+-----+--------+
         Total |   1982 |   1900 |     82 |    457 |   1162 |   2 |  991.0 |
       Dungeon |   1982 |   1900 |     82 |    457 |   1162 |   2 |  991.0 |
               +--------+--------+--------+--------+--------+-----+--------+

Top non-repeatable levels by time:
     D:1: 1191 daAuts
     D:2: 791 daAuts
